 Dungeon Crawl Stone Soup version 0.28.0-53-g5a82cb258f (webtiles) character file.

Game seed: 2213550531998573507

46445 sanboga the Brawler (level 14, -7/144 HPs)
             Began as a Troll Berserker on July 17, 2022.
             Was a High Priest of Trog.
             Shot with a bolt by a yaktaur (20 damage)
             ... on level 15 of the Dungeon.
             The game lasted 00:18:56 (14158 turns).

sanboga the Brawler (Troll Berserker)              Turns: 14158, Time: 00:18:57

Health: -7/144     AC: 15    Str: 38    XL:     14   Next: 4%
Magic:  13/13      EV: 12    Int:  3    God:    Trog [*****.]
Gold:   388        SH:  0    Dex:  9    Spells: 13/13 levels left

rFire   . . .      SeeInvis .     - Unarmed
rCold   . . .      Faith    .   (no shield)
rNeg    . . .      Spirit   .   c - +1 swamp dragon scales
rPois   +          Reflect  .   C - +2 hat
rElec   .          Harm     .   A - +2 cloak {Will+}
rCorr   .          Rampage  .   (gloves unavailable)
Will    ++...                   (boots unavailable)
Stlth   ..........              e - amulet of the acrobat
HPRegen 1.14/turn               y - +6 ring of strength
MPRegen 0.13/turn               x - +4 ring of slaying

@: slowed, very slow
A: large, unfitting armour, claws 3, regeneration 1, shaggy fur 1, tough skin 1
a: Renounce Religion, Berserk, Trog's Hand, Brothers in Arms


You were on level 15 of the Dungeon.
You worshipped Trog.
Trog was extremely pleased with you.
You visited 1 branch of the dungeon, and saw 15 of its levels.

You collected 1065 gold pieces.
You spent 677 gold pieces at shops.

Inventory:

Hand Weapons
 n - a +2 great sword of flaming
Armour
 c - +1 swamp dragon scales (worn)
 A - a +2 cloak of willpower (worn)
 C - a +2 hat (worn)
Jewellery
 e - an amulet of the acrobat (around neck)
 x - a +4 ring of slaying (right claw)
 y - a +6 ring of strength (left claw)
 z - a ring of protection from cold
Wands
 j - a wand of paralysis (5)
 o - a wand of iceblast (14)
 s - a wand of polymorph (12)
 w - a wand of flame (48)
 G - a wand of digging (5)
Scrolls
 k - 2 scrolls of summoning
 l - 5 scrolls of teleportation
 m - 4 scrolls of brand weapon
 q - 2 scrolls of silence
 v - 2 scrolls of magic mapping
 E - a scroll of blinking
Potions
 a - 2 potions of resistance {unknown}
 b - 7 potions of curing
 d - 4 potions of lignification
 f - a potion of cancellation
 g - 2 potions of mutation
 i - 3 potions of haste
 p - 2 potions of invisibility
 r - a potion of might {unknown}
 t - a potion of flight {unknown}
 B - a potion of attraction {unknown}
 D - a potion of heal wounds {unknown}


   Skills:
 + Level 10.9 Fighting
 + Level 10.9 Dodging
 * Level 17.5 Unarmed Combat


You had 13 spell levels left.
You didn't know any spells.
Your spell library was empty.

Dungeon Overview and Level Annotations

Branches:
Dungeon (15/15)            Temple (0/1) D:5            Lair (0/6) D:9
    Orc (0/2) D:12         Vaults (0/5) D:13         Depths (0/4) D:15

Altars:
Ashenzari
Cheibriados
Elyvilon
Fedhas
Hepliaklqana
Kikubaaqudgha
Okawaru
Qazlal
Sif Muna
Trog
Uskayaw
Wu Jian
Xom

Shops:
D:9 *   D:13 *


Innate Abilities, Weirdness & Mutations

You are too large for most types of armour.
You have claws for hands.
Your natural rate of healing is unusually fast.
You are covered in fur. (AC +1)
You have tough skin. (AC +1)


Message History

The yaktaur shoots a bolt.
The bolt completely misses you.
A yaktaur comes into view.
A freezing wraith comes into view.
The yaktaur shoots a bolt.
The bolt hits you!!
A yaktaur comes into view.
You hear a shout! 2 yaktaurs come into view.
The yaktaur shouts! x2
The yaktaur wields a +0 arbalest.
The yaktaur shoots a bolt.
The bolt closely misses you.
The yaktaur shoots a bolt.
The bolt misses you.
The yaktaur wields a +0 arbalest.
The yaktaur shoots a bolt.
The bolt misses you.
The yaktaur moves out of view.
The yaktaur shoots a bolt.
The bolt hits you!
The yaktaur shoots a bolt.
The bolt hits you but does no damage.
The yaktaur shoots a bolt.
The bolt hits you!
The yaktaur shoots a bolt.
The bolt hits you!
The yaktaur wields a +0 arbalest.
The yaktaur shoots a bolt.
The bolt hits you!
You barely miss the yaktaur.
The freezing wraith hits you but does no damage.
The freezing wraith hits you! The freezing wraith drains your vigour!
You feel yourself slow down.
You eviscerate the yaktaur!!! You claw the yaktaur.
You kill the yaktaur!
Trog accepts your kill.
The yaktaur wields a +0 arbalest.
The yaktaur shoots a bolt.
The bolt misses you.
The yaktaur shoots a bolt.
The bolt hits you!! The freezing wraith misses you.
The freezing wraith hits you. The freezing wraith drains your vigour!
You feel as though you will be slow longer.
You are too injured to fight recklessly!
You are too injured to fight recklessly!
You are too injured to fight recklessly!
As you read the scroll of fog, it crumbles to dust.
The scroll dissolves into smoke.
The yaktaur shoots a bolt.
The bolt hits you!!
* * * LOW HITPOINT WARNING * * *
The yaktaur shoots a bolt.
The bolt hits you!
* * * LOW HITPOINT WARNING * * *
The freezing wraith barely misses you.
The freezing wraith hits you but does no damage.
The yaktaur shoots a bolt.
The bolt hits you!!
You die...

#..≈§≈≈.§≈≈≈...#..#.#
#..≈#≈.≈≈§#≈......#.#####
##.≈≈≈≈≈.≈≈≈≈≈...........#
....≈≈..§§§≈≈......#.###.#
...≈#≈§.>.≈§#≈.....#.#
.#..≈§.....§≈......#.# .#
.§§§§.§...#.# .#
≈#§..§§#.#.# .#
≈§§§.§§@#.#.# .#
.≈.§§cW§#.#.# .#
....c§#.#.# .# ####..#cc.#
... ......... ### ###.
..... . .. .... . ..
...... .


You could see 4 yaktaurs and a freezing wraith.

Vanquished Creatures
  A fire giant (D:15)
  Josephine (D:12)
  3 vault guards (D:13)
  The ghost of cbfl8 the Protected, a journeyman MiBe of Trog (D:11)
  A boulder beetle (D:14)
  2 rakshasas (D:15)
  An ogre mage (D:13)
  2 hydras
  A catoblepas (D:15)
  A dancing weapon (D:11)
  3 centaur warriors
  12 two-headed ogres
  The ghost of Soldner the Covert, a journeyman KoBr of Dithmenos (D:10)
  Sonja (D:11)
  An orange crystal statue (D:9)
  An orc knight (D:13)
  2 deep elf pyromancers
  10 ugly things
  4 manticores
  4 cyclopes
  Joseph (D:7)
  An ice statue (D:10)
  A gargoyle (D:12)
  An unseen horror (D:7)
  Maggie (D:7)
  2 yaktaurs
  A tengu conjurer (D:14)
  4 efreet
  5 trolls
  2 hornets
  A hornet (shapeshifter) (D:8)
  Grinder (D:5)
  4 slime creatures (D:12)
  A centaur simulacrum (D:14)
  3 shadows
  2 vampires
  10 yaks
  8 wraiths
  2 wyverns
  A basilisk (D:14)
  2 steam dragons
  8 humans (D:13)
  11 vampire mosquitoes
  Edmund (D:6)
  2 acid dragons
  A hornet zombie (D:6)
  5 black bears
  2 ice beasts
  2 ogres
  8 orc warriors
  4 sky beasts
  The ghost of clackabat the Slasher, an amateur BaFi (D:4)
  4 centaurs
  Blork the orc (D:6)
  2 bullfrogs
  2 gnoll sergeants (D:12)
  2 scorpions
  A wyvern zombie (D:5)
  7 killer bees
  21 wights
  4 howler monkeys
  3 electric eels
  A crimson imp (D:6)
  3 lava snakes (D:9)
  2 bullfrog zombies (D:7)
  6 centaur zombies
  7 orc priests
  5 hounds
  2 jellies (D:7)
  A centaur skeleton (D:6)
  Crazy Yiuf (D:2)
  2 bullfrog skeletons
  A gnoll shaman (D:6)
  7 iguanas
  9 orc wizards
  A killer bee zombie (D:5)
  18 gnolls
  3 adders
  A howler monkey skeleton (D:7)
  A shadow imp (D:4)
  A white imp (D:6)
  An ufetubus (D:6)
  5 dart slugs
  44 orcs
  6 endoplasms
  3 giant cockroaches
  12 goblins
  8 hobgoblins
  6 jackals
  5 quokkas
  7 ball pythons
  6 bats
  4 frilled lizards
  6 kobolds
  3 rats
387 creatures vanquished.

Vanquished Creatures (others)
  A vault guard (D:13)
  A centaur zombie (D:10)
  2 fungi (D:2)
4 creatures vanquished.

Grand Total: 391 creatures vanquished

Notes
Turn   | Place    | Note
-------+----------+-------------------------------------------
     0 | D:1      | sanboga the Troll Berserker began the quest for the Orb.
     0 | D:1      | Reached XP level 1. HP: 22/22 MP: 0/0
   302 | D:1      | Reached XP level 2. HP: 29/29 MP: 1/1
   499 | D:1      | Reached ** piety under Trog
   574 | D:1      | Reached XP level 3. HP: 35/36 MP: 2/2
   608 | D:1      | Found a faded altar of an unknown god.
  1283 | D:2      | Reached skill level 4 in Unarmed Combat
  1661 | D:2      | Reached XP level 4. HP: 44/44 MP: 3/3
  1673 | D:2      | Found a runed translucent door.
  1674 | D:2      | Noticed Crazy Yiuf
  1680 | D:2      | Killed Crazy Yiuf
  2068 | D:3      | Found a blossoming altar of Fedhas.
  2383 | D:3      | Reached *** piety under Trog
  2644 | D:4      | Noticed a scorpion
  2651 | D:4      | Killed a scorpion
  2652 | D:4      | Reached XP level 5. HP: 49/53 MP: 4/4
  2665 | D:4      | Reached skill level 5 in Unarmed Combat
  2682 | D:4      | Reached XP level 6. HP: 51/61 MP: 5/5
  2703 | D:4      | Found a transporter.
  2705 | D:4      | Noticed clackabat's ghost (amateur BaFi)
  2739 | D:4      | Found a transporter.
  2785 | D:4      | Killed clackabat's ghost
  2790 | D:4      | Reached skill level 6 in Unarmed Combat
  2790 | D:4      | Reached XP level 7. HP: 68/68 MP: 6/6
  3048 | D:4      | Reached **** piety under Trog
  3528 | D:5      | Entered Level 5 of the Dungeon
  3585 | D:5      | Reached skill level 7 in Unarmed Combat
  3766 | D:5      | Found a large runed translucent door.
  3767 | D:5      | Found a large runed translucent door.
  3770 | D:5      | Found a staircase to the Ecumenical Temple.
  3848 | D:5      | Reached XP level 8. HP: 79/79 MP: 7/7
  3853 | D:5      | Found a shimmering altar of Xom.
  3858 | D:5      | Found a hide-covered altar of Uskayaw.
  3971 | D:5      | Identified the +11 whip "Murmur" {flame, rN+ Dex+4}
  4132 | D:5      | Found an iron altar of Okawaru.
  4471 | D:6      | Noticed Grinder
  4475 | D:6      | Paralysed by Grinder for 6 turns
  4490 | D:5      | Killed Grinder
  4491 | D:5      | Reached skill level 5 in Fighting
  4491 | D:5      | Reached skill level 5 in Dodging
  4491 | D:5      | Reached skill level 8 in Unarmed Combat
  4631 | D:6      | Found a snail-covered altar of Cheibriados.
  4739 | D:6      | Noticed Edmund
  4743 | D:6      | Killed Edmund
  4744 | D:6      | Reached skill level 9 in Unarmed Combat
  4744 | D:6      | Reached XP level 9. HP: 82/88 MP: 8/8
  4779 | D:6      | Noticed Blork the orc
  4784 | D:6      | Killed Blork the orc
  5009 | D:6      | Found a broken altar of Ashenzari.
  5369 | D:7      | Found an ornate altar of the Wu Jian Council.
  5545 | D:7      | Reached skill level 10 in Unarmed Combat
  5731 | D:7      | Found a shimmering blue altar of Sif Muna.
  5790 | D:7      | Noticed Joseph
  5799 | D:7      | Killed Joseph
  5926 | D:7      | Found a hazy altar of Hepliaklqana.
  5941 | D:7      | Found a bloodstained altar of Trog.
  5948 | D:7      | Reached XP level 10. HP: 98/100 MP: 9/9
  5959 | D:7      | Noticed Maggie
  5968 | D:7      | Killed Maggie
  6070 | D:7      | Reached skill level 11 in Unarmed Combat
  6250 | D:8      | Found a white marble altar of Elyvilon.
  6405 | D:8      | Reached ***** piety under Trog
  6563 | D:8      | Found a stormy altar of Qazlal.
  6656 | D:8      | Identified the +0 pair of gloves of Unambiguity {Drain
                  | rPois Int+6}
  7054 | D:9      | Noticed a centaur warrior
  7219 | D:9      | Killed a centaur warrior
  7220 | D:9      | Reached skill level 12 in Unarmed Combat
  7250 | D:9      | Found a staircase to the Lair.
  7275 | D:9      | Noticed an orange crystal statue
  7346 | D:9      | Noticed a deep elf pyromancer
  7355 | D:9      | Killed a deep elf pyromancer
  7364 | D:9      | Reached XP level 11. HP: 53/109 MP: 10/10
  7418 | D:9      | Found an ancient bone altar of Kikubaaqudgha.
  7487 | D:9      | Found Lewu's Assorted Antiques.
  7510 | D:9      | Bought a scroll labelled NOOXISH MOINEY for 21 gold pieces
  7510 | D:9      | Bought a scratched marble ring for 105 gold pieces
  7510 | D:9      | Bought an embroidered cloak for 157 gold pieces
  7510 | D:9      | Bought a blue potion for 18 gold pieces
  7810 | D:9      | Killed an orange crystal statue
  7926 | D:10     | Entered Level 10 of the Dungeon
  7926 | D:10     | Found a transporter.
  8058 | D:10     | Noticed a two-headed ogre
  8065 | D:10     | Killed a two-headed ogre
  8066 | D:10     | Reached skill level 13 in Unarmed Combat
  8150 | D:10     | Found a transporter.
  8163 | D:10     | Noticed a two-headed ogre
  8166 | D:10     | Noticed Soldner's ghost (journeyman KoBr)
  8323 | D:10     | Noticed a two-headed ogre
  8323 | D:10     | Noticed a two-headed ogre
  8329 | D:10     | Killed a two-headed ogre
  8333 | D:10     | Killed a two-headed ogre
  9137 | D:10     | Killed Soldner's ghost
  9246 | D:10     | Reached skill level 14 in Unarmed Combat
  9360 | D:10     | Killed a two-headed ogre
  9366 | D:10     | Reached XP level 12. HP: 48/122 MP: 11/11
 10112 | D:11     | Noticed Sonja
 10120 | D:11     | Killed Sonja
 10211 | D:11     | Found a runed translucent door.
 10211 | D:11     | Found a shimmering altar of Xom.
 10211 | D:11     | Noticed cbfl8's ghost (journeyman MiBe)
 10271 | D:11     | Killed cbfl8's ghost
 10340 | D:12     | Noticed a two-headed ogre
 10346 | D:12     | Killed a two-headed ogre
 10347 | D:12     | Reached skill level 15 in Unarmed Combat
 10645 | D:12     | Found a staircase to the Orcish Mines.
 10983 | D:12     | Noticed Josephine
 10992 | D:12     | Killed Josephine
 10998 | D:12     | Received a gift from Trog
 11406 | D:13     | Noticed an ogre mage
 11406 | D:13     | Noticed a two-headed ogre
 11406 | D:13     | Noticed a two-headed ogre
 11406 | D:13     | Noticed a two-headed ogre
 11406 | D:13     | Noticed a two-headed ogre
 11406 | D:13     | Noticed a two-headed ogre
 11406 | D:13     | Noticed a two-headed ogre
 11411 | D:13     | Killed an ogre mage
 11414 | D:13     | Killed a two-headed ogre
 11416 | D:13     | Killed a two-headed ogre
 11417 | D:13     | Killed a two-headed ogre
 11418 | D:13     | Reached XP level 13. HP: 109/133 MP: 12/12
 11426 | D:13     | Reached skill level 16 in Unarmed Combat
 11429 | D:13     | Reached skill level 10 in Dodging
 11807 | D:13     | Reached skill level 10 in Fighting
 12042 | D:13     | Found a gate to the Vaults.
 12294 | D:13     | Found Serodiapro's General Store.
 12302 | D:13     | Bought a +2 hat for 256 gold pieces
 12302 | D:13     | Bought a scroll of blinking for 120 gold pieces
 13236 | D:14     | Reached skill level 17 in Unarmed Combat
 13603 | D:15     | Entered Level 15 of the Dungeon
 13880 | D:15     | Reached XP level 14. HP: 98/144 MP: 13/13
 13993 | D:15     | Found a staircase to the Depths.
 13993 | D:15     | Noticed a fire giant
 14006 | D:15     | Killed a fire giant
 14158 | D:15     | Shot with a bolt by a yaktaur

Illustrated notes

Levels and vault maps discovered:
D:1:      minmay_arrival_plants_in_alcoves, layout_basic, basic_ecumenical_altar
D:2:      layout_loops_corners, chequers_serial_rivers_micro_a,
          uniq_crazy_yiuf_cottage
D:3:      minmay_wonky_spiral, layout_basic,
          mainiacjoe_overflow_concentric_impassable
D:4:      layout_gridville, gammafunk_ghost_mausoleum
D:5:      layout_loops_corners, mainiacjoe_overflow_brackets,
          jmf_multi_god_temple2, minmay_temple_entry_statues_pillars
D:6:      layout_rooms, nicolae_ashenzari_skybound, kennysheep_slug_shrine,
          minmay_misc_feat_cross, minmay_fire_ice_demons, uniq_blork_the_orc,
          uniq_grinder, uniq_edmund
D:7:      layout_loops_corners, mainiacjoe_overflow_six_doors_small,
          mainiacjoe_overflow_alcove_1, nzn_wu_jian_contemplation,
          trog_ov_bears_minmay, minivault_4, uniq_maggie, uniq_joseph
D:8:      layout_loops_ring, nicolae_qazlal_general_emergency,
          mainiacjoe_overflow_small_starburst
D:9:      layout_rooms, kiku_gazebo_pond_becter, lair_entry_dummy, serial_shops,
          nicolae_lakefront_shop, disabler_island
D:10:     minmay_s_stair_smasher, layout_basic, nzn_ghost_randoct
D:11:     layout_stronghold, ebering_ghost_xom, uniq_sonja
D:12:     layout_long_grid, hiddenorc2_lemuel, uniq_josephine
D:13:     layout_roguey, ximxim_vaults_locker_room, serial_shops, shop
D:14:     layout_loops_corners, minivault_25, minmay_misc_feat_columns
D:15:     grunt_enter_depths_giant_problem, layout_basic, grunt_decor_cap

Skill      XL: |  1  2  3  4  5  6  7  8  9 10 11 12 13 |
---------------+----------------------------------------+-----
Unarmed Combat | 4 5 6 7 9 10 12 14 15 17 | 17.5
Fighting       | 3 4 5 6 7 8 9 10 | 10.9
Dodging        | 3 4 5 6 7 8 9 10 | 10.9

Action                   |  1- 3 |  4- 6 |  7- 9 | 10-12 | 13-15 || total
-------------------------+-------+-------+-------+-------+-------++-------
Melee: Unarmed           |   111 |    91 |   221 |   435 |   184 ||  1042
       Punch             |     1 |     2 |    12 |    32 |    22 ||    69
       Scimitar          |       |       |       |       |     4 ||     4
Invok: Berserk           |       |     2 |     3 |    13 |     2 ||    20
Evoke: Wand              |       |       |       |     6 |       ||     6
  Use: Scroll            |       |       |    12 |     8 |     5 ||    25
       Potion            |       |       |     1 |       |       ||     1
Armor: Animal skin       |    30 |    34 |    40 |       |       ||   104
       Skin              |       |       |     1 |       |       ||     1
       Robe              |       |       |    13 |     1 |       ||    14
       Swamp dragon scal |       |       |       |   166 |    69 ||   235
Dodge: Dodged            |    55 |    56 |   119 |   334 |   115 ||   679
